 Dungeon Crawl Stone Soup version 0.24-a0-447-ge8da9206dc (webtiles) character file.

Game seed: 6655241357148532217

29 KristoblXynda the Ducker (level 3, -1/19 HPs)
             Began as a Spriggan Berserker on June 25, 2019.
             Was a Follower of Trog.
             Killed from afar by a dart slug (3 damage)
             ... with a slug dart
             ... on level 2 of the Dungeon.
             The game lasted 00:01:36 (1213 turns).

KristoblXynda the Ducker (Spriggan Berserker)       Turns: 1213, Time: 00:01:37

Health: -1/19      AC:  2    Str: 14    XL:     3   Next: 1%
Magic:  1/1        EV: 20    Int:  8    God:    Trog [*.....]
Gold:   45         SH:  0    Dex: 15    Spells: 2/2 levels left

rFire    . . .     SeeInvis +   a - +1 short sword (antimagic)
rCold    . . .     Gourm    .   (shield restricted)
rNeg     . . .     Faith    .   b - +0 animal skin
rPois    .         Spirit   .   (helmet restricted)
rElec    .         Reflect  .   (no cloak)
rCorr    .         Harm     .   (gloves unavailable)
MR       .....                  (boots unavailable)
Stlth    ++........             (no amulet)
HPRegen  0.06/turn              (no ring)
MPRegen  0.07/turn              (no ring)

@: very quick
A: very small, unfitting armour, see invisible, herbivore, speed 3, slow
metabolism 2
a: Berserk, Renounce Religion


You were on level 2 of the Dungeon.
You worshipped Trog.
Trog was aware of your devotion.
You were not hungry.

You visited 1 branch of the dungeon, and saw 2 of its levels.

You collected 45 gold pieces.

Inventory:

Hand Weapons
 a - a +1 antimagic short sword (weapon)
Armour
 b - a +0 animal skin (worn)
Scrolls
 d - a scroll of immolation {unknown}
 e - a scroll of remove curse {unknown}
 f - a scroll of noise {unknown}
 g - a scroll of magic mapping {unknown}
 h - a scroll of enchant armour {unknown}
Potions
 i - a potion of berserk rage {unknown}
Comestibles
 c - 3 rations


   Skills:
 + Level 2.7 Fighting
 + Level 3.7 Short Blades
 + Level 4.9 Dodging
 + Level 1.8 Stealth


You had 2 spell levels left.
You didn't know any spells.
Your spell library was empty.

Dungeon Overview and Level Annotations

Branches:
Dungeon (2/15)

Altars:
Nemelex Xobeh


Innate Abilities, Weirdness & Mutations

You are very small and have problems with some larger weapons.
You are too small for most types of armour.
You have supernaturally acute eyesight. (SInv)
You are a herbivore.
You cover ground extremely quickly.
You need to consume almost no food.


Message History

The worm is lightly wounded.
You hit the worm but do no damage.
The worm is lightly wounded.
The worm bites you.
You hit the worm.
The worm is moderately wounded.
You hit the worm but do no damage.
The worm is moderately wounded.
The worm bites you! The dart slug launches a dart at you.
The slug dart hits you.
* * * LOW HITPOINT WARNING * * *
You are too injured to fight recklessly!
You are too injured to fight recklessly!
Found a stone staircase leading down.
Okay, then.
A bat comes into view.
The dart slug launches a dart at you. The slug dart hits you.
You die...

##.#####......
###...............
##.................
.....#............ ...
#..#.#.......... ...
#....#..........
..##...##..$......
..#.b.##.....#.....
#.#.@.#......# ....
######.#..........#.....
.....#..<..w####........
#....<.⌠.⌠##..#...#.#
#......._.......#....
##.....#⌠.⌠.######....
#...................#..
#.#?.###..###..##### . #
#.# #...w.......>#


You could see a dart slug and a bat.

Vanquished Creatures
  A leopard gecko (D:1)
  A giant cockroach (D:1)
  2 hobgoblins (D:1)
  3 jackals (D:1)
  6 bats
  5 goblins (D:1)
  7 kobolds (D:1)
  A rat (D:1)
26 creatures vanquished.

Notes
Turn   | Place    | Note
-------+----------+-------------------------------------------
     0 | D:1      | KristoblXynda the Spriggan Berserker began the quest for
                  | the Orb.
     0 | D:1      | Reached XP level 1. HP: 11/11 MP: 2/2
   205 | D:1      | Reached skill level 1 in Stealth
   208 | D:1      | Reached XP level 2. HP: 4/16 MP: 3/3
  1125 | D:1      | Reached XP level 3. HP: 19/19 MP: 1/4
  1174 | D:2      | Found a sparkling altar of Nemelex Xobeh.
  1213 | D:2      | Killed from afar by a dart slug

Levels and vault maps discovered:
D:1:      dpeg_arrival_erosion, layout_rooms, serial_corexii_hall,
          chequers_hall_statues_wall_a, chequers_hall_statues_corner_a
D:2:      minmay_chambers_of_ones, layout_rooms,
          nemelex_xobeh_ov_fountains_minmay, tso_altar

Skill      XL: |  1 |
---------------+----+-----
Stealth        | 1 |  1.8
Fighting       | |  2.7
Short Blades   | |  3.7
Dodging        | |  4.9

Action                   || total
-------------------------++-------
Melee: Short sword       ||    52
       Dagger            ||    68
Invok: Berserk           ||     1
Armor: Animal skin       ||    12
Dodge: Dodged            ||   116

Table legend:
 A = Non-vault XP
 B = Vault XP
 C = Vault XP percentage of total XP
 D = Non-vault monster count
 E = Vault monster count
 F = Vault count percentage of total count
                 A         B        C        D         E       F
            +---------+---------+-------+---------+---------+-------
      Total |      42 |       0 |   0.0 |      26 |       0 |   0.0
            +---------+---------+-------+---------+---------+-------
        D:1 |      41 |       0 |   0.0 |      25 |       0 |   0.0
        D:2 |       1 |       0 |   0.0 |       1 |       0 |   0.0
            +---------+---------+-------+---------+---------+-------
